 Dungeon Crawl Stone Soup version 0.20.1-1-g8b1a95d (webtiles) character file.

41 jmlagarto the Cudgeler (level 3, -3/22 HPs)
             Began as a Gargoyle Gladiator on Sept 17, 2017.
             Slain by an ogre
             ... wielding a +0 giant club
              (16 damage)
             ... on level 3 of the Dungeon.
             The game lasted 00:02:45 (1674 turns).

jmlagarto the Cudgeler (Gargoyle Gladiator)         Turns: 1674, Time: 00:02:46

Health: -3/22      AC: 12    Str: 18    XL:     3   Next: 52%
Magic:  3/3        EV:  8    Int:  8    God:
Gold:   86         SH:  0    Dex: 11    Spells: 2/2 levels left

rFire    . . .     SeeInvis .   a - +0 flail
rCold    . . .     Gourm    .   (no shield)
rNeg     + . .     Faith    .   e - +0 chain mail
rPois    ∞         Spirit   .   c - +0 helmet
rElec    +         Reflect  .   (no cloak)
rCorr    .         Harm     .   (no gloves)
MR       .....                  (no boots)
Stlth    ..........             (no amulet)
Regen    0.1/turn               (no ring)
MPRegen  0.1/turn               (no ring)

@: no status effects
A: negative energy resistance 1, electricity resistance, unbreathing,
petrification resistance, rot immunity, AC +3
a: no special abilities


You were on level 3 of the Dungeon.
You were hungry.

You visited 1 branch of the dungeon, and saw 3 of its levels.

You collected 86 gold pieces.

Inventory:

Hand Weapons
 a - a +0 flail (weapon)
Missiles
 d - 2 throwing nets (quivered)
 h - 6 steel tomahawks
Armour
 b - a +0 leather armour
 c - a +0 helmet (worn)
 e - a +0 chain mail (worn)
Jewellery
 m - a +2 amulet of reflection {unknown}
Scrolls
 g - 4 scrolls of identify {unknown}
 l - a scroll of teleportation {unknown}
 p - a scroll of enchant weapon {unknown}
 q - 3 scrolls of remove curse {unknown}
 r - a scroll of magic mapping {unknown}
Potions
 i - a potion of degeneration {unknown}
 k - a potion of might {unknown}
 o - a potion of lignification {unknown}
 s - a potion of curing {unknown}
 t - a potion of cancellation {unknown}
Comestibles
 f - a bread ration
 j - a meat ration
 n - 3 fruits


   Skills:
 + Level 2.6 Fighting
 + Level 3.5 Maces & Flails
 + Level 2.2 Throwing
 + Level 0.9 Armour
 + Level 2.6 Dodging


You had 2 spell levels left.
You didn't know any spells.

Dungeon Overview and Level Annotations

Branches:
Dungeon (3/15)

Altars:


Innate Abilities, Weirdness & Mutations

You are resistant to torment.
Your stone body is resilient. (AC +3)
You are immune to poison.
You resist negative energy. (rN+)
You are resistant to electric shocks. (rElec)
You can survive without breathing.
You are immune to petrification.
You are immune to rotting.


Message History

You hit the goblin.
You kill the goblin!
The kobold shoots a poisoned needle.
The poisoned needle barely misses you.
You see here a club.
You hit the rat.
You kill the rat!
The ogre hits you with a giant club!
The kobold shoots a poisoned needle.
The poisoned needle barely misses you.
Found a scroll labeled VEAHUZ WAASOO.
You barely miss the ogre.
The kobold shoots a poisoned needle.
The poisoned needle hits you! The ogre hits you with a giant club.
The kobold shoots a poisoned needle.
The poisoned needle hits you!
You hit the ogre.
The ogre is moderately wounded.
The ogre hits you but does no damage.
You hit the ogre.
The ogre is moderately wounded.
The ogre hits you with a giant club!
Ouch! That really hurt!
You die...

#.#####.#.# .
#....##.#.#
##
#.###.....#
#...###.#.#
###.# #.#.#
#.###.#.####
#(#(.......#
#.((()†....##
#.#..@.......
#.#..O.K.....
#.#...##...##
#............
###....K#####
#.....#
##....#
#..#?.


You could see an ogre and a kobold.

Vanquished Creatures
  A worm (D:2)
  3 orcs (D:3)
  2 giant cockroaches
  8 goblins
  4 hobgoblins
  A ball python (D:1)
  7 bats
  4 kobolds
  4 rats
34 creatures vanquished.

Notes
Turn   | Place    | Note
-------+----------+-------------------------------------------
     0 | D:1      | jmlagarto the Gargoyle Gladiator began the quest for the Orb.
     0 | D:1      | Reached XP level 1. HP: 12/12 MP: 1/1
   557 | D:1      | Reached XP level 2. HP: 17/17 MP: 2/2
  1030 | D:2      | Reached XP level 3. HP: 21/22 MP: 3/3
  1666 | D:3      | Noticed an ogre
  1674 | D:3      | Slain by an ogre

Skill      XL: |  1  2 |
---------------+-------+-----
Throwing       | 2 |  2.2
Fighting       | |  2.6
Maces & Flails | |  3.5
Armour         | |  0.9
Dodging        | |  2.6

Action                   || total
-------------------------++-------
Melee: Flail             ||   128
Throw: Throwing net      ||     3
       Tomahawk          ||     2
  Eat: Chunk             ||     2
Armor: Chain mail        ||   123
       Leather armour    ||     1
Dodge: Dodged            ||    90
